AoeStats
← Victor Kenny

African Clearing

510312843Analyzed
2v2 RM · 17h ago on Sep 30, 2026· 33m 37s· 4 players
Game mode
Random Map
Map size
Medium (4 player)
Population
200
Speed
Normal
Resources
Standard
Victory
Conquest
Starting age
Dark Age
Ending age
Imperial Age
RankedLock teamsTeams togetherTeam positionsShared explorationLock speedFull tech treeHidden civsTurbo modeCheats
Victory
Defeat
🇭🇰 Chinese · Hong Kong SAR China
1499
+15
🇭🇰 Mongols · Hong Kong SAR China
1499
+15
🇨🇳 Mapuche · China
1493
-15
🇨🇳 Persians · China
1482
-15
TheHong
8:02 Loom
11:18 Feudal Age
9:41 Loom
11:56 Double-Bit Axe
15:48 Scale Barding Armor
17:46 Forging
23:01 Wheelbarrow
26:13 Castle Age
24:51 Fletching
25:02 Padded Archer Armor
25:15 Bloodlines
25:55 Padded Archer Armor
26:40 Bodkin Arrow
29:13 Husbandry
KamL
13:10 Feudal Age
14:19 Loom
17:26 Castle Age
15:15 Double-Bit Axe
16:14 Fletching
26:45 Bodkin Arrow
27:35 Padded Archer Armor
28:28 Ballistics
28:56 Horse Collar
31:43 Wheelbarrow
32:43 Leather Archer Armor
Victor Kenny
9:10 Loom
11:59 Feudal Age
12:58 Double-Bit Axe
16:41 Scale Barding Armor
23:19 Castle Age
22:02 Fletching
22:20 Gold Mining
24:14 Bodkin Arrow
26:18 Wheelbarrow
26:37 Town Watch
30:22 Padded Archer Armor
34:24 Bloodlines
Harry Peter
2:46 Loom
11:53 Feudal Age
12:41 Double-Bit Axe
15:58 Fletching
19:17 Padded Archer Armor
23:18 Castle Age
22:25 Gold Mining
23:58 Bodkin Arrow
25:03 Bow Saw
25:43 Gold Shaft Mining
24:43 Crossbowman
30:58 Ballistics
32:10 Wheelbarrow
32:12 Horse Collar
Connection lost

Rejoining the realm…

Still unreachable

The connection could not be restored.

Session expired

The server has moved on; the page needs a fresh start.